 Dungeon Crawl Stone Soup version 0.23.1 (webtiles) character file.

Game seed: 0

51870 night the Brawler (level 14, -12/110 HPs)
             Began as a Demonspawn Gladiator on Mar 6, 2019.
             Was the Champion of Cheibriados.
             Killed from afar by a tengu reaver (13 damage)
             ... with a bolt of poison
             ... on level 11 of the Dungeon.
             The game lasted 01:09:13 (21124 turns).

night the Brawler (Demonspawn Gladiator)           Turns: 21124, Time: 01:09:14

Health: -12/110    AC: 24    Str: 37    XL:     14   Next: 25%
Magic:  0/23       EV: 12    Int: 31    God:    Cheibriados [******]
Gold:   1438       SH:  0    Dex: 30    Spells: 16/26 levels left

rFire    . . .     SeeInvis +     - Unarmed
rCold    . . .     Gourm    +   (no shield)
rNeg     . . .     Faith    .   O - +5 chain mail "Fuosk" {Int+3 SInv}
rPois    +         Spirit   +   F - +2 hat
rElec    .         Reflect  .   T - scarf {repulsion}
rCorr    .         Harm     .   z - +2 pair of gloves {Str+3}
MR       +....                  (no boots)
Stlth    ..........             Q - amulet of the gourmand
HPRegen  0.28/turn              w - ring of poison resistance
MPRegen  0.36/turn              l - +3 ring of strength

@: lethally poisoned (-12 -> -22), repel missiles, very slow
A: antennae 1, icy blue scales 2, foul stench 1, magic shield, magic
regeneration, magic link, rot immunity
a: Bend Time, Temporal Distortion, Slouch, Step From Time, Renounce Religion


You were on level 11 of the Dungeon.
You worshipped Cheibriados.
Cheibriados was exalted by your worship.
You were not hungry.

You visited 3 branches of the dungeon, and saw 18 of its levels.

You collected 1483 gold pieces.
You spent 45 gold pieces at shops.

Inventory:

Hand Weapons
 y - a +2 shortbow of velocity
Missiles
 e - 413 stones
 f - 4 javelins of penetration
 j - 376 arrows
 q - 134 sling bullets
 r - 176 bolts
 t - 14 tomahawks (quivered)
 A - 41 poisoned needles
 D - 3 steel tomahawks
 H - 4 poisoned tomahawks
 S - 4 javelins
 Y - 2 throwing nets
 Z - 4 tomahawks of returning
Armour
 z - a +2 pair of gloves of strength (worn)
 F - a +2 hat (worn)
 O - the +5 chain mail "Fuosk" (worn) {Int+3 SInv}
   (You found it on level 7 of the Dungeon)

   It affects your intelligence (+3).
   It lets you see invisible.
 T - a scarf of repulsion (worn)
 W - the +4 scale mail "Sejic" {+Inv Str+2 Dex+4}
   (You found it on level 3 of the Lair of Beasts)

   It affects your strength (+2).
   It affects your dexterity (+4).
   It lets you turn invisible.
Magical Staves
 h - an uncursed staff of death
 n - an uncursed staff of air
 s - an uncursed staff of summoning
Jewellery
 l - a +3 ring of strength (right hand)
 w - a ring of poison resistance (left hand)
 M - an uncursed ring of positive energy
 Q - an amulet of the gourmand (around neck)
Wands
 g - a wand of scattershot (3)
 B - a wand of iceblast (7)
 C - a wand of digging (9)
 J - a wand of polymorph (9)
 X - a wand of flame (13)
Scrolls
 c - 2 scrolls of blinking
 k - 7 scrolls of teleportation
 o - 2 scrolls of amnesia
 u - 2 scrolls of remove curse
 v - a scroll of magic mapping
 G - 3 scrolls of fog
 L - 2 scrolls of enchant armour
 R - a scroll of fear
 V - a scroll of enchant weapon
Potions
 a - 5 potions of heal wounds
 b - 4 potions of flight
 i - a potion of curing
 m - 4 potions of brilliance
 p - 3 potions of resistance
 x - 2 potions of cancellation
 E - 2 potions of lignification
 I - 3 potions of might
 N - 3 potions of agility
 P - 2 potions of mutation
 U - 4 potions of haste
Comestibles
 d - 38 rations


   Skills:
 + Level 10.2 Fighting
 - Level 1.7 Throwing
 + Level 7.9 Armour
 - Level 2.6 Dodging
 * Level 16.4 Unarmed Combat
 + Level 6.5 Spellcasting
 - Level 4.2 Air Magic
 - Level 9.0 Invocations


You had 16 spell levels left.
You knew the following spells:

 Your Spells              Type           Power        Failure   Level  Hunger
a - Shock                 Conj/Air       ###.         6%          1    None
b - Airstrike             Air            #####.....   26%         4    ##.....
c - Lightning Bolt        Conj/Air       ###.......   87%         5    ####...

Your spell library contained the following spells:

 Spells                   Type           Power        Failure   Level  Hunger
 Swiftness                Chrm/Air       ###.....     10%         2    None
 Animate Skeleton         Necr           N/A          16%         1    None
 Apportation              Tloc           ##....       16%         1    None
 Confusing Touch          Hex            ##....       16%         1    None
 Corona                   Hex            ##.....      16%         1    None
 Sandblast                Erth           ##....       16%         1    None
 Summon Small Mammal      Summ           ##..         16%         1    None
 Static Discharge         Conj/Air       ###.....     19%         3    None
 Blink                    Tloc           N/A          24%         2    None
 Ensorcelled Hibernation  Hex/Ice        ##....       24%         2    None
 Passwall                 Tmut/Erth      ##......     24%         2    None
 Shroud of Golubria       Chrm/Tloc      ##........   24%         2    None
 Confuse                  Hex            ##......     43%         3    None
 Dazzling Spray           Conj/Hex       ##....       43%         3    None
 Gell's Gravitas          Tloc           ##........   43%         3    None
 Lesser Beckoning         Tloc           ##........   43%         3    None
 Stone Arrow              Conj/Erth      ##....       43%         3    None
 Teleport Other           Tloc           ##......     43%         3    None
 Tukima's Dance           Hex            ##......     43%         3    None
 Passage of Golubria      Tloc           N/A          83%         4    ##.....
 Petrify                  Tmut/Erth      ##......     83%         4    ##.....
 Lee's Rapid Deconstruct  Erth           ##........   99%         5    ####...
 Metabolic Englaciation   Hex/Ice        ##........   99%         5    ####...
 Yara's Violent Unravell  Hex/Tmut       ##........   99%         5    ####...


Dungeon Overview and Level Annotations

Branches:
Dungeon (11/15)            Temple (1/1) D:4            Lair (6/6) D:8
 Shoals (0/4) Lair:4        Snake (0/4) Lair:3        Slime (0/5) Lair:6
    Orc (0/2) D:11

Altars:
Ashenzari
Cheibriados
Dithmenos
Elyvilon
Fedhas
Gozag
Hepliaklqana
Kikubaaqudgha
Makhleb
Nemelex Xobeh
Okawaru
Qazlal
Ru
Sif Muna
Trog
Uskayaw
Vehumet
Wu Jian
Xom
Yredelemnul
Zin
The Shining One
Jiyva

Shops:
D:6 ?*


Innate Abilities, Weirdness & Mutations

You have a pair of small antennae on your head.
You are mostly covered in icy blue scales. (AC +3)
You may emit foul miasma when damaged in melee.
When hurt, damage is shared between your health and your magic reserves.
You regenerate magic rapidly.
When low on magic, you restore magic in place of health.
You are immune to rotting.


Message History

The ettin is almost dead.
You kill the ettin!
Cheibriados thoroughly appreciates the change of pace.
The tengu reaver gestures wildly while chanting.
The tengu reaver gestures at you while chanting.
The bolt of poison misses you.
A battlesphere comes into view.
There is an open door here.
The tengu reaver gestures at you while chanting.
The bolt of acid hits you!!
* * * LOW HITPOINT WARNING * * *
You are splashed with acid!
* * * LOW HITPOINT WARNING * * *
The battlesphere fires!
The barrage of energy hits you!!
* * * LOW HITPOINT WARNING * * *
The tengu reaver gestures at you while chanting.
The bolt of poison hits you!
You are lethally poisoned!
You resist.
You die...

........# #.....#....[)[....
........# #.....#......8..).
........# ######......).)...
........# #......#.....
######..#############..>...#.....
##.............#......####..
#..##########...########..#
#..#..#).#..#.....#........
#..#..'..'@.#.....#.###.#>.
#..##[####'##.....#.# #.#.#
#..#..#{ #..#.....#.# #.#.#
#..#..# #)*#.......# #....
#..##'# #°##..###### ###.#
#..#..#{ 'Q.#..# ##)# #..#..#
.#..#..# #..) #..#'########..#
#... ##.............# #...


You could see a tengu reaver and a battlesphere.

Vanquished Creatures
  Kirke (Lair:4)
  An ettin (D:11)
  A fire dragon (D:11)
  A centaur warrior (D:11)
  3 catoblepae (Lair:6)
  5 hydras
  Erica (D:8)
  4 two-headed ogres
  Urug (Lair:2)
  6 death yaks (Lair:6)
  A tengu warrior (D:11)
  4 oklob plants
  A cyclops (D:11)
  2 manticores (Lair:6)
  3 black mambas
  A merfolk siren (Lair:4)
  A torpor snail (Lair:4)
  A gargoyle (D:11)
  7 spiny frogs
  6 komodo dragons
  A queen bee (Lair:2)
  5 polar bears
  2 trolls (D:11)
  2 dream sheep (D:9)
  10 blink frogs
  12 hippogriffs
  A vampire (D:9)
  Sigmund (D:4)
  A wyvern (Lair:4)
  36 yaks
  A wraith (D:10)
  2 hogs (Lair:5)
  2 steam dragons (D:7)
  2 basilisks (Lair:6)
  2 hungry ghosts
  3 nagas (Lair:3)
  An acid dragon (D:11)
  23 water moccasins
  10 porcupines
  2 black bears
  5 ice beasts
  8 orc warriors
  3 ogres
  4 sky beasts
  2 phantoms
  3 centaurs
  A necrophage (D:11)
  11 wolves
  11 crocodiles
  Blork the orc (D:5)
  5 big kobolds
  17 bullfrogs
  A wyvern zombie (D:8)
  7 scorpions
  22 killer bees
  9 wights
  3 howler monkeys (D:9)
  2 electric eels (Lair:2)
  5 crimson imps
  A bullfrog zombie (D:5)
  10 hounds
  A quasit (D:10)
  A centaur zombie (D:9)
  4 jellies
  14 orc wizards
  10 orc priests
  Crazy Yiuf (D:6)
  2 centaur skeletons
  Ijyb (D:4)
  4 iguanas
  4 worker ants
  2 killer bee zombies
  A hound zombie (D:9)
  A hound skeleton (D:4)
  A worker ant zombie (D:11)
  8 gnolls (D:3)
  16 adders
  A howler monkey skeleton (D:10)
  7 shadow imps
  16 oozes (Lair:4)
  2 adder zombies
  An adder skeleton (D:6)
  2 worms
  A dart slug (D:1)
  9 leopard geckos
  59 orcs
  8 bats
  5 giant cockroaches
  8 goblins
  7 hobgoblins
  14 jackals
  3 frilled lizards
  A jackal zombie (D:6)
  21 kobolds
  A leopard gecko zombie (D:5)
  5 rats
  A bush (Lair:4)
  A plant (Lair:6)
545 creatures vanquished.

Vanquished Creatures (others)
  A wizard (D:5)
  21 fungi
  5 plants
27 creatures vanquished.

Grand Total: 572 creatures vanquished

Notes
Turn   | Place    | Note
-------+----------+-------------------------------------------
     0 | D:1      | night the Demonspawn Gladiator began the quest for the Orb.
     0 | D:1      | Reached XP level 1. HP: 16/16 MP: 1/1
   103 | D:1      | Reached skill level 3 in Unarmed Combat
   284 | D:1      | Gained mutation: You are immune to rotting. [demonic
                  | ancestry]
   284 | D:1      | Reached XP level 2. HP: 22/22 MP: 2/2
   868 | D:1      | Reached XP level 3. HP: 8/27 MP: 3/3
  1142 | D:2      | Reached skill level 4 in Unarmed Combat
  1729 | D:2      | Gained mutation: You are partially covered in icy blue
                  | scales. (AC +2) [demonic ancestry]
  1729 | D:2      | Reached XP level 4. HP: 32/33 MP: 4/4
  2226 | D:3      | Reached skill level 5 in Unarmed Combat
  2241 | D:3      | Gained mutation: When hurt, damage is shared between your
                  | health and your magic reserves. [demonic ancestry]
  2241 | D:3      | Reached XP level 5. HP: 11/38 MP: 5/5
  2664 | D:3      | Reached skill level 6 in Unarmed Combat
  3251 | D:3      | Gained mutation: You regenerate magic rapidly. [demonic
                  | ancestry]
  3251 | D:3      | Reached XP level 6. HP: 35/44 MP: 4/6
  3676 | D:4      | Noticed Sigmund
  3826 | D:4      | Killed Sigmund
  3826 | D:4      | Reached skill level 7 in Unarmed Combat
  4062 | D:4      | Reached XP level 7. HP: 46/50 MP: 7/7
  4122 | D:4      | Found a staircase to the Ecumenical Temple.
  4131 | Temple   | Entered the Ecumenical Temple
  4236 | Temple   | Became a worshipper of Cheibriados the Contemplative
  4372 | D:4      | Found a shattered altar of Ashenzari.
  4456 | D:4      | Found a deep blue altar of Sif Muna.
  4476 | D:4      | Reached skill level 1 in Invocations
  4528 | D:4      | Reached skill level 8 in Unarmed Combat
  4894 | D:5      | Entered Level 5 of the Dungeon
  4894 | D:5      | Noticed Ijyb
  4910 | D:4      | Killed Ijyb
  5112 | D:5      | Reached * piety under Cheibriados
  5121 | D:5      | Gained mutation: You have a pair of small antennae on your
                  | head. [demonic ancestry]
  5121 | D:5      | Reached XP level 8. HP: 43/56 MP: 8/10
  5273 | D:5      | Reached skill level 9 in Unarmed Combat
  5398 | D:5      | Noticed Blork the orc
  5404 | D:5      | Reached skill level 5 in Invocations
  5417 | D:5      | Killed Blork the orc
  5895 | D:5      | Found a bloodstained altar of Trog.
  5896 | D:5      | Noticed a wizard
  5901 | D:5      | Killed a wizard
  5958 | D:6      | Found Icamuun's Magic Scroll Shop.
  5962 | D:6      | Bought a scroll of teleportation for 45 gold pieces
  6016 | D:6      | Found Siowkirph's Serpentskin Sales.
  6049 | D:6      | Reached skill level 10 in Unarmed Combat
  6069 | D:6      | Reached ** piety under Cheibriados
  6079 | D:6      | Reached XP level 9. HP: 45/61 MP: 13/13
  6474 | D:6      | Found a runed translucent door.
  6475 | D:6      | Noticed Crazy Yiuf
  6479 | D:6      | Killed Crazy Yiuf
  6940 | D:7      | Reached *** piety under Cheibriados
  7121 | D:7      | Reached skill level 11 in Unarmed Combat
  7275 | D:7      | Got a spiked chain mail
  7286 | D:7      | Identified the +5 chain mail "Fuosk" {Int+3 SInv} (You
                  | found it on level 7 of the Dungeon)
  7543 | D:7      | Reached XP level 10. HP: 67/67 MP: 16/16
  7895 | D:8      | Found a staircase to the Lair.
  7904 | D:8      | Reached **** piety under Cheibriados
  7917 | D:8      | Reached skill level 1 in Armour
  7979 | D:8      | Reached skill level 12 in Unarmed Combat
  8218 | D:8      | Noticed a two-headed ogre
  8225 | D:8      | Killed a two-headed ogre
  8627 | D:8      | Noticed Erica
  8633 | D:8      | Killed Erica
  8961 | D:8      | Learned a level 4 spell: Airstrike
  8967 | D:8      | Learned a level 5 spell: Lightning Bolt
  9003 | Lair:1   | Entered Level 1 of the Lair of Beasts
  9049 | Lair:1   | Reached skill level 1 in Spellcasting
  9049 | Lair:1   | Reached skill level 1 in Air Magic
  9081 | Lair:1   | Reached ***** piety under Cheibriados
  9105 | Lair:1   | Gained mutation: You are mostly covered in icy blue scales.
                  | (AC +3) [demonic ancestry]
  9105 | Lair:1   | Reached XP level 11. HP: 44/78 MP: 17/17
  9406 | Lair:1   | Reached skill level 5 in Fighting
 10092 | Lair:2   | Reached skill level 13 in Unarmed Combat
 10457 | Lair:2   | You fall through a shaft for 2 floors!
 10696 | Lair:3   | Found a staircase to the Snake Pit.
 10712 | Lair:2   | Noticed Urug
 10725 | Lair:2   | Killed Urug
 10726 | Lair:2   | Noticed a six-headed hydra
 11353 | Lair:2   | Killed a six-headed hydra
 11845 | Lair:2   | Learned a level 1 spell: Shock
 12609 | Lair:3   | Got a spiked scale mail
 12620 | Lair:3   | Identified the +4 scale mail "Sejic" {+Inv Str+2 Dex+4}
                  | (You found it on level 3 of the Lair of Beasts)
 12664 | Lair:3   | Reached XP level 12. HP: 89/89 MP: 18/18
 13223 | Lair:4   | Noticed Sonja
 13237 | Lair:4   | Noticed Sonja
 13237 | Lair:4   | Sonja changed into Sonja the water moccasin
 13249 | Lair:4   | Killed Sonja the water moccasin
 13305 | Lair:4   | Reached skill level 14 in Unarmed Combat
 13542 | Lair:4   | Noticed a four-headed hydra
 13835 | Lair:4   | Found a staircase to the Shoals.
 14057 | Lair:4   | Reached ****** piety under Cheibriados
 14244 | Lair:4   | Reached skill level 5 in Armour
 14452 | Lair:4   | Got a dazzling leather armour
 14463 | Lair:4   | Identified the +2 leather armour of Pandemonium {MR++
                  | Dex+3} (You found it on level 4 of the Lair of Beasts)
 14610 | Lair:4   | Killed a four-headed hydra
 14886 | Lair:5   | Noticed a seven-headed hydra
 14895 | Lair:5   | Killed a seven-headed hydra
 15112 | Lair:5   | Noticed Kirke
 15181 | Lair:4   | Killed Kirke
 15499 | Lair:5   | Reached skill level 15 in Unarmed Combat
 15935 | Lair:5   | Noticed a five-headed hydra
 15944 | Lair:5   | Killed a five-headed hydra
 16081 | Lair:6   | Entered Level 6 of the Lair of Beasts
 16081 | Lair:6   | Found a staircase to the Slime Pits.
 16081 | Lair:6   | Found a viscous altar of Jiyva.
 16090 | Lair:5   | Gained mutation: When low on magic, you restore magic in
                  | place of health. [demonic ancestry]
 16090 | Lair:5   | Reached XP level 13. HP: 94/99 MP: 19/19
 17534 | Lair:6   | Reached skill level 5 in Spellcasting
 17920 | Lair:6   | Got an ivory double sword
 17921 | Lair:6   | Identified the cursed +2 double sword of the Onslaught
                  | {elec, Int+4} (You found it on level 6 of the Lair of
                  | Beasts)
 19033 | D:9      | Reached skill level 16 in Unarmed Combat
 19293 | D:10     | Entered Level 10 of the Dungeon
 20024 | D:11     | Found a glowing silver altar of Zin.
 20039 | D:11     | Gained mutation: You may emit foul miasma when damaged in
                  | melee. [demonic ancestry]
 20039 | D:11     | Reached XP level 14. HP: 83/109 MP: 17/23
 20360 | D:11     | Reached skill level 10 in Fighting
 20365 | D:11     | Found a staircase to the Orcish Mines.
 20927 | D:11     | Found a runed translucent door.
 21121 | D:11     | Noticed a tengu reaver
 21124 | D:11     | HP: 1/110 [battlesphere[a tengu reaver] (13)]
 21124 | D:11     | Killed from afar by a tengu reaver

Skill      XL: |  1  2  3  4  5  6  7  8  9 10 11 12 13 14 |
---------------+-------------------------------------------+-----
Unarmed Combat | 3 4 5 6 7 8 10 11 12 13 15 16 | 16.4
Invocations    | 3 6 9 |  9.0
Armour         | 3 5 7 |  7.9
Fighting       | 4 6 8 9 10 | 10.2
Spellcasting   | 1 4 6 |  6.5
Air Magic      | 1 4 |  4.2
Throwing       | |  1.7
Dodging        | |  2.6

Action                   |  1- 3 |  4- 6 |  7- 9 | 10-12 | 13-15 || total
-------------------------+-------+-------+-------+-------+-------++-------
Melee: Unarmed           |   149 |   231 |   431 |   600 |   597 ||  2008
       Punch             |     1 |     6 |    17 |    69 |    67 ||   160
Throw: Throwing net      |       |     3 |       |     2 |       ||     5
       Tomahawk          |       |       |       |    13 |       ||    13
       Stone             |       |       |       |     1 |       ||     1
 Cast: Shock             |       |       |       |     8 |       ||     8
Invok: Slouch            |       |       |       |     3 |       ||     3
 Abil: Evoke Invisibilit |       |       |       |     1 |     2 ||     3
Evoke: Wand              |       |       |       |     2 |     2 ||     4
  Use: Scroll            |     2 |     3 |     1 |    20 |     7 ||    33
       Potion            |       |     1 |       |     1 |       ||     2
 Stab: Held in net/web   |       |     1 |       |       |       ||     1
       Invisible         |       |       |       |       |     7 ||     7
       Petrified         |       |       |       |       |     1 ||     1
       Sleeping          |       |       |       |       |     1 ||     1
  Eat: Chunk             |     3 |     7 |     7 |    14 |    13 ||    44
       Ration            |       |       |     1 |       |     1 ||     2
Armor: Leather armour    |    52 |       |       |       |       ||    52
       Scale mail        |     1 |    84 |   154 |     1 |   110 ||   350
       Chain mail        |       |       |    12 |   325 |   198 ||   535
Dodge: Dodged            |   114 |   100 |   197 |   299 |   270 ||   980
       Deflected         |       |       |       |       |     8 ||     8
